 Dungeon Crawl Stone Soup version 0.19.1 (webtiles) character file.

529 Gargo the Digger (level 7, 0/36 HPs)
             Began as a Gargoyle Earth Elementalist on Dec 7, 2016.
             Killed from afar by Blork the orc (8 damage)
             ... with a puff of flame
             ... on level 4 of the Dungeon.
             The game lasted 00:21:31 (4810 turns).

Gargo the Digger (Gargoyle Earth Elementalist)      Turns: 4810, Time: 00:21:32

Health: 0/36       AC:  7    Str: 11    XL:     7   Next: 24%
Magic:  5/14       EV: 12    Int: 18    God:
Gold:   406        SH:  0    Dex: 10    Spells: 3 memorised, 7 levels left

rFire  . . .     SeeInvis .     a - +2 hand axe (pain)
rCold  . . .     Gourm    +     c - +0 robe
rNeg   + . .     Faith    .     (no shield)
rPois  ∞         Spirit   .     z - +0 helmet
rElec  +         Reflect  .     (no cloak)
rCorr  .         Harm     .     (no gloves)
MR     .....                    (no boots)
Stlth  ++........               u - amulet of the gourmand
                                (no ring)
                                (no ring)

@: no status effects
A: negative energy resistance 1, electricity resistance, unbreathing,
petrification resistance, rot immunity, AC +4
a: no special abilities


You were on level 4 of the Dungeon.
You were very full.

You visited 2 branches of the dungeon, and saw 7 of its levels.

You collected 406 gold pieces.

Inventory:

Hand Weapons
 a - a +2 hand axe of pain (weapon)
 h - a +0 whip
Missiles
 b - 50 stones (quivered)
 r - 13 poisoned needles
Armour
 c - a +0 robe (worn)
 z - a +0 helmet (worn)
Jewellery
 u - an amulet of the gourmand (around neck)
Scrolls
 i - a scroll of identify
 k - 5 scrolls of remove curse
 q - 2 scrolls of blinking {unknown}
 A - 3 scrolls of teleportation {unknown}
Potions
 d - a potion of flight {unknown}
 l - 2 potions of heal wounds
 s - 2 potions of curing
Comestibles
 f - a bread ration


   Skills:
 + Level 0.2 Fighting
 + Level 0.0 Maces & Flails
 + Level 0.0 Armour
 + Level 1.6 Dodging
 - Level 2.1 Stealth
 * Level 5.1 Spellcasting
 + Level 3.2 Conjurations
   Level 0.7 Transmutations
 + Level 6.1 Earth Magic


You had 7 spell levels left.
You knew the following spells:

 Your Spells              Type           Power        Failure   Level  Hunger
a - Sandblast             Erth           ####..       1%          1    None
b - Lee's Rapid Deconstr  Erth           ####......   34%         5    ######.
A - Stone Arrow           Conj/Erth      ###...       10%         3    ##.....


Dungeon Overview and Level Annotations

Branches:
Dungeon (6/15)             Temple (1/1) D:4

Altars:
Ashenzari
Cheibriados
Dithmenos
Elyvilon
Gozag
Hepliaklqana
Kikubaaqudgha
Makhleb
Qazlal
Ru
Trog
Xom
Zin
The Shining One

Shops:
D:4 *

Annotations:
D:1 unreachable ring, need flight
D:3 ghost, Philosophy's ghost, novice FoFi
D:4 Blork the orc


Innate Abilities, Weirdness & Mutations

You are resistant to torment.
Your stone body is resilient. (AC +4)
You are immune to poison.
You resist negative energy. (rN+)
You are resistant to electric shocks. (rElec)
You can survive without breathing.
You are immune to petrification.
You are immune to rotting.


Message History

The puff of frost misses you.
Blork the orc gestures wildly while chanting.
Blork the orc casts a spell at you. The magic dart hits you!
Blork the orc casts a spell at you. The magic dart hits you!
A centaur comes into view.
Blork the orc screams, "I'll make a cloak from your skin!"
Blork the orc barely misses you.
There is a stone staircase leading up here.
Blork the orc hits you with a dire flail of protection.
Blork the orc screams, "I'm much stronger than you!"
Blork the orc hits you with a dire flail of protection!
* * * LOW HITPOINT WARNING * * *
You climb upwards.
There is a stone staircase leading down here.
Blork the orc gestures wildly while chanting.
Blork the orc gestures at you while chanting.
The puff of flame hits you!
You die...

#......#..................#..
#......#.........##########..
#......+.........##....####..
#......#...............#.....
#......#...............#.....
#......##+######+##....#.....
#####'###...##>..##....##...#
#..........#.o..##....##...#
#..........@....'......#>...
#........(.#....#......#....
#..........#######.....#....
#...#########...##....##...#
#...#.......#...##....##...#
#...#.......#.......)......#
#...#.......#..............#
#...#...[...#..............'
#...#.......'..............#


You could see Blork the orc.

Vanquished Creatures
  A sky beast (D:5)
  A scorpion (D:4)
  A howler monkey (D:4)
  An orc priest (D:5)
  2 orc wizards (D:5)
  2 iguanas
  2 worker ants (D:4)
  4 gnolls (D:3)
  2 adders
  An ooze (D:1)
  An adder skeleton (D:4)
  4 worms
  4 dart slugs
  A leopard gecko (D:4)
  8 orcs
  2 giant cockroaches
  5 goblins
  6 hobgoblins
  7 jackals (D:3)
  4 kobolds
  5 quokkas
  3 ball pythons
  8 bats
  5 frilled lizards
  5 rats
  A fungus (D:4)
86 creatures vanquished.

Vanquished Creatures (others)
  A fungus (D:4)
1 creature vanquished.

Grand Total: 87 creatures vanquished

Notes
Turn   | Place    | Note
-------+----------+-------------------------------------------
     0 | D:1      | Gargo the Gargoyle Earth Elementalist began the quest for the Orb.
     0 | D:1      | Reached XP level 1. HP: 10/10 MP: 3/3
   222 | D:1      | Reached XP level 2. HP: 15/15 MP: 5/5
   438 | D:2      | Reached skill level 4 in Earth Magic
   494 | D:3      | Noticed Philosophy's ghost (novice FoFi)
   526 | D:2      | Reached XP level 3. HP: 11/19 MP: 0/7
   531 | D:2      | Learned a level 3 spell: Stone Arrow
  1096 | D:2      | Found a white marble altar of Elyvilon.
  1353 | D:2      | Found a shimmering altar of Xom.
  1566 | D:2      | Reached XP level 4. HP: 24/24 MP: 8/8
  2042 | D:3      | Reached skill level 1 in Conjurations
  2314 | D:3      | Reached XP level 5. HP: 21/28 MP: 1/10
  2972 | D:2      | Found a hazy altar of Hepliaklqana.
  3314 | D:5      | Entered Level 5 of the Dungeon
  3334 | D:5      | Reached skill level 5 in Earth Magic
  3342 | D:5      | Reached XP level 6. HP: 19/32 MP: 1/12
  3777 | D:4      | Learned a level 5 spell: Lee's Rapid Deconstruction
  3937 | D:4      | Found Gozag's Platinum Reserve.
  3938 | D:4      | Found an opulent altar of Gozag.
  3994 | D:4      | Found a staircase to the Ecumenical Temple.
  4004 | Temple   | Entered the Ecumenical Temple
  4583 | D:5      | Noticed a sky beast
  4590 | D:5      | Killed a sky beast
  4590 | D:5      | Reached skill level 5 in Spellcasting
  4590 | D:5      | Reached skill level 6 in Earth Magic
  4590 | D:5      | Reached XP level 7. HP: 36/36 MP: 1/14
  4767 | D:5      | Noticed Blork the orc
  4810 | D:4      | Killed from afar by Blork the orc

Skill      XL: |  1  2  3  4  5  6 |
---------------+-------------------+-----
Earth Magic    | 4 5 6 |  6.1
Spellcasting   | 3 4 5 |  5.1
Conjurations   | 1 2 3 |  3.2
Fighting       | |  0.2
Dodging        | |  1.6
Stealth        | |  2.1
Transmutations | |  0.7

Action                   |  1- 3 |  4- 6 |  7- 9 || total
-------------------------+-------+-------+-------++-------
Melee: Hand axe          |    23 |    56 |       ||    79
 Cast: Sandblast         |    53 |   117 |       ||   170
       Stone Arrow       |     2 |    16 |     6 ||    24
  Use: Scroll            |       |     6 |       ||     6
 Stab: Sleeping          |     7 |     4 |       ||    11
  Eat: Chunk             |     7 |    17 |       ||    24
Armor: Robe              |    17 |    60 |       ||    77
Dodge: Dodged            |    29 |   110 |     2 ||   141
